 Dungeon Crawl Stone Soup version 0.21-a0-633-g4c047d5 (webtiles) character file.

73 Alarkh the Slasher (level 4, 35/35 HPs)
             Began as a Demonspawn Monk on Dec 28, 2017.
             Got out of the dungeon alive.
             The game lasted 00:01:28 (1448 turns).

Alarkh the Slasher (Demonspawn Monk)                Turns: 1448, Time: 00:01:29

Health: 35/35      AC:  5    Str: 12    XL:     4   Next: 8%
Magic:  4/4        EV: 13    Int: 12    God:
Gold:   89         SH:  0    Dex: 15    Spells: 3/3 levels left

rFire    . . .     SeeInvis .   a - +0 falchion
rCold    . . .     Gourm    .   (no shield)
rNeg     . . .     Faith    .   f - +0 robe
rPois    .         Spirit   .   (no helmet)
rElec    .         Reflect  .   (no cloak)
rCorr    .         Harm     .   (no gloves)
MR       .....                  (no boots)
Stlth    ++........             (no amulet)
HPRegen  0.11/turn              (no ring)
MPRegen  0.09/turn              (no ring)

@: no status effects
A: molten scales 2
a: no special abilities


You escaped.
You were near starving.

You visited 1 branch of the dungeon, and saw 2 of its levels.

You collected 89 gold pieces.

Inventory:

Hand Weapons
 a - a +0 falchion (weapon)
 b - a +2 dagger of venom
Armour
 f - a +0 robe (worn)
Jewellery
 d - an uncursed ring of ice
Scrolls
 e - a scroll of remove curse {unknown}
 g - a scroll of blinking {unknown}
 h - 2 scrolls of identify {unknown}
 i - a scroll of amnesia {unknown}
Comestibles
 c - 4 rations


   Skills:
 - Level 3.0 Fighting
 + Level 4.5 Long Blades
 - Level 2.6 Dodging
 - Level 1.7 Stealth


You had 3 spell levels left.
You didn't know any spells.

Dungeon Overview and Level Annotations

Branches:
Dungeon (2/15)

Altars:


Innate Abilities, Weirdness & Mutations

You are mostly covered in molten scales. (AC +3)


Message History

You feel sick.
You feel sick.
You are no longer poisoned.
You are near starving!
Key pressed, stopping explore.
A hobgoblin comes into view. It is wielding a club.
The hobgoblin shouts!
You see here a ration.
A hobgoblin is nearby!
A hobgoblin is nearby!
A hobgoblin is nearby!
Found a long sword.
There is a stone staircase leading up here.
You climb upwards.
There is a stone staircase leading down here.
There is an open door here.
There is an open door here.
There is a staircase leading out of the dungeon here.
Are you sure you want to leave the Dungeon?
This will make you lose the game!
You have escaped!

#.#.###.##.....## ####
#....##.#.......## ##.#
##................####...
#....###..........'......
##...#............####...
##.##.#######...## ##.#
######.#.....#..## ###
##.####....##.#.##########
#.#...#..@..#.###.........
##.##.##....#..##.#######.
#.##.....#.##.##.# #.
#..#######.##.##.# #####.
#..# #...#...#.# #.)...
#..#####.###.....# #.###(
#......#..##...#.# #.# #.
##.###.##.###.##.###.###.
#.# #........)..........


There were no monsters in sight!

Vanquished Creatures
  Jessica (D:2)
  An adder (D:2)
  An ooze (D:1)
  2 leopard geckos (D:1)
  A giant cockroach (D:1)
  2 goblins (D:1)
  8 hobgoblins (D:1)
  3 jackals (D:1)
  6 bats (D:1)
  2 kobolds (D:1)
  5 rats
32 creatures vanquished.

Notes
Turn   | Place    | Note
-------+----------+-------------------------------------------
     0 | D:1      | Alarkh the Demonspawn Monk began the quest for the Orb.
     0 | D:1      | Reached XP level 1. HP: 18/18 MP: 1/1
    78 | D:1      | Reached skill level 3 in Long Blades
    84 | D:1      | Gained mutation: You are partially covered in molten scales. (AC +2) [demonic ancestry]
    84 | D:1      | Reached XP level 2. HP: 17/24 MP: 2/2
   438 | D:1      | Reached XP level 3. HP: 19/29 MP: 3/3
   718 | D:1      | Reached skill level 4 in Long Blades
  1123 | D:2      | Noticed Jessica
  1142 | D:2      | Killed Jessica
  1287 | D:2      | Gained mutation: You are mostly covered in molten scales. (AC +3) [demonic ancestry]
  1287 | D:2      | Reached XP level 4. HP: 27/35 MP: 4/4
  1448 | D:$      | Got out of the dungeon alive.

Vault maps used:
D:1:      saegor_arrival_simple_f, hex_medium, minmay_pentomino_x4
D:2:      serial_corexii_hall, corexii_hall_statues_i, corexii_hall_statues_u,
          corexii_hall_statues_x, minmay_misc_feat_rows, uniq_jessica,
          uniq_robin

Skill      XL: |  1  2  3 |
---------------+----------+-----
Long Blades    | 3 4 |  4.5
Fighting       | |  3.0
Dodging        | |  2.6
Stealth        | |  1.7

Action                   |  1- 3 |  4- 6 || total
-------------------------+-------+-------++-------
Melee: Falchion          |    76 |       ||    76
       Dagger            |     6 |       ||     6
  Use: Potion            |     1 |       ||     1
 Stab: Sleeping          |     5 |       ||     5
Armor: Robe              |    20 |       ||    20
Dodge: Dodged            |    72 |       ||    72
       Rpst.: Falchion   |    25 |       ||    25

Table legend:
 A = Spawn XP
 B = Non-spawn XP
 C = Spawn XP percentage of total XP
 D = Spawn monster count
 E = Non-spawn monster count
 F = Spawn count percentage of total count
 G = Total turns spent on level
                    A         B        C        D         E        F      G
               +---------+---------+-------+---------+---------+-------+---------
         Total |       0 |     105 |   0.0 |       0 |      32 |   0.0 |  1448
               +---------+---------+-------+---------+---------+-------+---------
           D:1 |       0 |      54 |   0.0 |       0 |      29 |   0.0 |  1163
           D:2 |       0 |      51 |   0.0 |       0 |       3 |   0.0 |   285
               +---------+---------+-------+---------+---------+-------+---------
